 Dungeon Crawl Stone Soup version 0.27-a0-1281-ge233d83751 (webtiles) character file.

Game seed: 9153532788285705719

5800 ipx the Geomancer (level 10, -26/56 HPs)
             Began as a Deep Elf Earth Elementalist on June 13, 2021.
             Was a Follower of Sif Muna.
             Killed from afar by a fire giant (43 damage)
             ... with a bolt of fire
             ... on level 10 of the Dungeon.
             The game lasted 01:19:00 (4145 turns).

ipx the Geomancer (Deep Elf Earth Elementalist)     Turns: 4145, Time: 01:19:00

Health: -26/56     AC:  9    Str:  5    XL:     10   Next: 50%
Magic:  12/26      EV: 16    Int: 36    God:    Sif Muna [*.....]
Gold:   315        SH:  0    Dex: 15    Spells: 14/29 levels left

rFire    . . .     SeeInvis .   a - +4 long sword (drain)
rCold    . . .     Faith    .   (no shield)
rNeg     . . .     Spirit   .   D - +2 robe {Will+}
rPois    .         Reflect  .   b - +1 helmet
rElec    .         Harm     .   (no cloak)
rCorr    .         Rampage  .   (no gloves)
Will     ++...                  q - +2 pair of boots
Stlth    ++........             (no amulet)
HPRegen  0.18/turn              K - +6 ring of intelligence
MPRegen  0.20/turn              I - +6 ring of intelligence

@: studying Fire Magic
A: no striking features
a: Renounce Religion, Channel Magic


You were on level 10 of the Dungeon.
You worshipped Sif Muna.
Sif Muna was aware of your devotion.
You visited 2 branches of the dungeon, and saw 11 of its levels.

You collected 437 gold pieces.
You spent 122 gold pieces at shops.

Inventory:

Hand Weapons
 a - a +4 long sword of draining (weapon)
 B - a +4 morningstar
Missiles
 k - 3 silver javelins
 v - 8 poisoned darts (quivered)
 y - 73 stones
Armour
 b - a +1 helmet (worn)
 h - a +0 kite shield
 q - a +2 pair of boots (worn)
 D - a +2 robe of willpower (worn)
Magical Staves
 j - a staff of fire
 o - a staff of death
 A - a staff of poison
Jewellery
 l - a ring of flight
 p - a ring of poison resistance
 I - a +6 ring of intelligence (right hand)
 K - a +6 ring of intelligence (left hand)
Scrolls
 d - a scroll of enchant weapon {unknown}
 e - a scroll of torment {unknown}
 f - 2 scrolls of fog
 m - a scroll of vulnerability
 n - a scroll of teleportation
 t - 2 scrolls of immolation
 w - 2 scrolls of enchant armour
 x - a scroll of magic mapping
 z - 3 scrolls of brand weapon
 E - a scroll of holy word {unknown}
Potions
 c - a potion of berserk rage {unknown}
 g - 2 potions of might
 i - 2 potions of magic
 r - 5 potions of curing
 s - 2 potions of mutation
 u - 3 potions of heal wounds
 C - a potion of lignification {unknown}
 F - a potion of cancellation {unknown}


   Skills:
 - Level 4.0 Fighting
 + Level 8.4 Dodging
 - Level 2.4 Stealth
 + Level 10.0 Spellcasting
 - Level 3.0 Conjurations
 - Level 4.0 Transmutations
 - Level 10.0 Earth Magic
 + Level 5.8 Invocations
 - Level 1.0 Evocations


You had 14 spell levels left.
You knew the following spells:

 Your Spells              Type           Power      Damage    Failure   Level
d - Lee's Rapid Deconstr  Erth           37%        3d19*     1%          5
s - Stone Arrow           Conj/Erth      100%       3d13      1%          3
t - Petrify               Tmut/Erth      62%        N/A       1%          4
w - Passwall              Tmut/Erth      51%        N/A       1%          2
z - Sandblast             Erth           100%       2d20      1%          1

Your spell library contained the following spells:

 Spells                   Type           Power      Damage    Failure   Level
 Animate Skeleton         Necr           36%        N/A       2%          1
 Corona                   Hex            20%        N/A       2%          1
 Pain                     Necr           72%        1d7       2%          1
 Ensorcelled Hibernation  Hex/Ice        36%        N/A       3%          2
 Dazzling Flash           Conj/Hex       56%        N/A       3%          3
 Confusing Touch          Hex            18%        N/A       7%          3
 Tukima's Dance           Hex            18%        N/A       7%          3
 Vampiric Draining        Necr           9%         2d7       7%          3
 Animate Dead             Necr           9%         N/A       22%         4
 Agony                    Necr           18%        N/A       54%         5


Dungeon Overview and Level Annotations

Branches:
Dungeon (10/15)            Temple (1/1) D:6             Orc (0/2) D:9
   Lair: D:8-11

Altars:
Ashenzari
Dithmenos
Elyvilon
Fedhas
Gozag
Kikubaaqudgha
Makhleb
Nemelex Xobeh
Okawaru
Qazlal
Ru
Sif Muna
Trog
Uskayaw
Wu Jian
Xom
Yredelemnul
Zin
The Shining One
Jiyva

Shops:
D:6 [   D:8 (

Annotations:
D:2 Jessica
D:8 3 runed translucent doors, Ibis19's ghost, novice MiBe
D:9 Gastronok


Message History

Saving game... please wait.
Welcome back, ipx the Deep Elf Earth Elementalist.
Sif Muna whispers: I know many secrets...
Press ? for a list of commands and other information.
Unknown command.
Okay, then.
You see here a +0 helmet. 2 fire bats come into view.
A fire giant comes into view.
It is wielding a +1 great sword of flaming.
The fire giant shouts!
The fire giant unwields a +1 great sword of flaming.
It stops flaming.
The fire giant drops a +1 great sword of flaming.
The fire giant picks up the +7 great mace "Firestarter" {inner flame, rF++}.
The fire giant wields the +7 great mace "Firestarter" {inner flame, rF++}.
It bursts into flame!
Found a +1 great sword of flaming and a leatherbound book.
Cast which spell? (? or * to list)
Aiming: Petrify (dangerous; 1% risk of failure)
Press: ? - help, Shift-Dir - straight line, f - fire giant
Aim: a fire giant, wielding the +7 great mace "Firestarter" {inner flame, rF++} (chance to affect: 27%)
The fire giant easily resists.
A fire bat comes into view.
The fire bat misses you. The fire bat closely misses you.
The fire bat closely misses you. The fire bat bites you.
You are engulfed in flames!
The fire bat bites you.
You are engulfed in flames!
The fire bat bites you.
You are engulfed in flames.
The fire bat bites you.
You are engulfed in flames.
The fire bat completely misses you.
You riposte.
You hit the fire bat. You drain the fire bat.
The fire bat is moderately wounded.
The fire bat barely misses you.
There is a stone staircase leading up here.
The fire bat bites you but does no damage.
The fire giant points at you and mumbles some strange words.
The bolt of fire hits you!!!
Ouch! That really hurt!
You die...

...# ...# . #..#
## ...#... .##
:⌠....C#######..#
#........#
)⌠b....#..[...#
...#...#....b.# .
#..##...b@.#
...##.....).#
...# #.......#
...# ##......#
.## ###....#
##...# ###.# ##


You could see a fire giant and 2 fire bats.

Vanquished Creatures
  A two-headed ogre (D:10)
  2 wraiths (D:6)
  A wyvern (D:9)
  10 yaks
  Grum (D:8)
  2 steam dragons
  2 water moccasins
  3 orc warriors (D:9)
  A sky beast (D:6)
  2 ice beasts
  2 ogres
  3 wolves
  A centaur (D:7)
  A kobold brigand (D:9)
  3 bullfrogs (D:8)
  3 scorpions
  A water moccasin skeleton (D:5)
  5 wights (D:6)
  4 orc priests
  A hound (D:6)
  A bullfrog skeleton (D:6)
  2 centaur skeletons
  2 jellies (D:6)
  2 gnoll shamans
  3 iguanas
  Terence (D:3)
  5 orc wizards
  Natasha (twice) (D:3)
  A howler monkey zombie (D:9)
  8 gnolls
  5 adders
  A shadow imp (D:5)
  2 white imps
  2 ufetubi
  3 worms
  5 dart slugs
  24 orcs
  3 bats
  3 endoplasms
  3 giant cockroaches
  4 goblins
  9 hobgoblins
  9 jackals
  5 quokkas
  4 ball pythons
  4 frilled lizards
  A jackal skeleton (D:4)
  8 kobolds
  6 rats
177 creatures vanquished.

Vanquished Creatures (others)
  A plant (D:8)
1 creature vanquished.

Grand Total: 178 creatures vanquished

Notes
Turn   | Place    | Note
-------+----------+-------------------------------------------
     0 | D:1      | ipx the Deep Elf Earth Elementalist began the quest for the
                  | Orb.
     0 | D:1      | Reached XP level 1. HP: 10/10 MP: 6/6
   101 | D:1      | Reached XP level 2. HP: 7/15 MP: 4/8
   245 | D:1      | Learned a level 2 spell: Passwall
   250 | D:1      | Reached XP level 3. HP: 17/19 MP: 5/9
   254 | D:1      | Learned a level 3 spell: Stone Arrow
   513 | D:2      | Reached skill level 1 in Conjurations
   563 | D:2      | Noticed Jessica
   802 | D:2      | Reached skill level 5 in Earth Magic
   819 | D:2      | Reached XP level 4. HP: 24/24 MP: 6/10
   926 | D:3      | Noticed Terence
   929 | D:3      | Killed Terence
  1015 | D:3      | Noticed Natasha
  1026 | D:3      | Killed Natasha
  1044 | D:3      | Noticed Natasha
  1057 | D:3      | Killed Natasha
  1058 | D:3      | Reached XP level 5. HP: 13/28 MP: 0/11
  1446 | D:4      | Found an ornate altar of the Wu Jian Council.
  1469 | D:4      | Learned a level 4 spell: Petrify
  1554 | D:4      | Reached XP level 6. HP: 32/32 MP: 5/14
  1581 | D:4      | Reached skill level 5 in Spellcasting
  1759 | D:4      | Found a stormy altar of Qazlal.
  1775 | D:4      | Found a bloodstained altar of Trog.
  1872 | D:5      | Entered Level 5 of the Dungeon
  1944 | D:5      | Noticed an ice beast
  1951 | D:5      | Killed an ice beast
  1952 | D:5      | Reached XP level 7. HP: 36/36 MP: 4/18
  1958 | D:5      | Learned a level 5 spell: Lee's Rapid Deconstruction
  1988 | D:5      | Found a white marble altar of Elyvilon.
  2165 | D:5      | Found a sacrificial altar of Ru.
  2168 | D:5      | Found a blossoming altar of Fedhas.
  2171 | D:5      | Found a basalt altar of Yredelemnul.
  2253 | D:5      | Identified the +1 ring mail "Azysin Narph" {Harm rN++
                  | Regen+ Int-3}
  2259 | D:6      | Noticed a wraith
  2301 | D:6      | Noticed a wraith
  2307 | D:6      | Killed a wraith
  2343 | D:6      | Reached XP level 8. HP: 41/41 MP: 9/20
  2673 | D:6      | Found Aseggus's Antique Armour Emporium.
  2681 | D:6      | Bought a runed robe for 122 gold pieces
  2754 | D:6      | Found a staircase to the Ecumenical Temple.
  2784 | Temple   | Entered the Ecumenical Temple
  2857 | Temple   | Became a worshipper of Sif Muna the Loreminder
  2913 | D:7      | Reached skill level 5 in Dodging
  2949 | D:7      | Reached skill level 1 in Evocations
  2977 | D:7      | Reached skill level 10 in Earth Magic
  2977 | D:7      | Reached skill level 1 in Invocations
  2977 | D:7      | Reached XP level 9. HP: 45/45 MP: 16/21
  3095 | D:8      | Found Kihesic's Hydra Hut.
  3096 | D:8      | Noticed a six-headed hydra
  3100 | D:8      | Found a runed translucent gate.
  3100 | D:8      | Found a runed translucent gate.
  3101 | D:8      | Found a runed translucent gate.
  3102 | D:8      | Noticed Ibis19's ghost (novice MiBe)
  3174 | D:7      | Reached skill level 1 in Fighting
  3181 | D:8      | Noticed Grum
  3439 | D:8      | Killed Grum
  3525 | D:9      | Reached * piety under Sif Muna
  3634 | D:9      | Noticed Gastronok
  3742 | D:9      | Reached XP level 10. HP: 40/56 MP: 13/24
  3814 | D:8      | Reached skill level 5 in Invocations
  3977 | D:9      | Found a glowing silver altar of Zin.
  4083 | D:9      | Found a staircase to the Orcish Mines.
  4129 | D:10     | Entered Level 10 of the Dungeon
  4129 | D:10     | Noticed a two-headed ogre
  4133 | D:10     | Killed a two-headed ogre
  4134 | D:10     | Reached skill level 10 in Spellcasting
  4138 | D:10     | Noticed a fire giant
  4145 | D:10     | Killed from afar by a fire giant

Illustrated notes

Levels and vault maps discovered:
D:1:      eino_arrival_tree_alley, layout_basic
D:2:      layout_rooms, hellmonk_ecumenical_altar_crossroads,
          kennysheep_small_spiral, chequers_serial_rivers_marsh,
          kennysheep_cross_room, uniq_jessica
D:3:      layout_loops_ring, uniq_terence, uniq_natasha
D:4:      layout_cave_pools, trog_wizard, marbit_many_paths,
          grunt_qazlal_clouds, amcnicky_mini_pool_small
D:5:      layout_cave_pools, grunt_temple_overflow_diamond,
          lemuel_coloured_pillars_altar
D:6:      layout_basic, temple_fountains, serial_shops, shop,
          chequers_serial_rivers_large_a, st_stairs_9, minmay_manual_moon
D:7:      layout_cave_pools, kennysheep_little_box, chequers_arboretum
D:8:      layout_basic, gammafunk_ghost_necromancy, wad_floor_pattern_1,
          hangedman_decor_clover_reticule, doesnt_shop_hydraphobe, uniq_grum
D:9:      layout_basic, lemuel_doored_altar,
          beargit_hepliaklqana_dungeon_heroes, david_orc_4, uniq_erolcha,
          uniq_gastronok
D:10:     minmay_firetagon, layout_cave_pods, lemuel_tele_altar,
          lair_entry_dummy, nicolae_zen_rock_garden, minivault_7
Temple:   pf_slime_end_temple

Skill      XL: |  1  2  3  4  5  6  7  8  9 10 |
---------------+-------------------------------+-----
Earth Magic    | 4 5 6 7 10 | 10.0
Conjurations   | 1 2 3 |  3.0
Spellcasting   | 4 6 7 8 10 | 10.0
Transmutations | 3 4 |  4.0
Dodging        | 5 7 8 |  8.4
Evocations     | 1 |  1.0
Invocations    | 1 4 5 |  5.8
Fighting       | 3 4 |  4.0
Stealth        | |  2.4

Action                   |  1- 3 |  4- 6 |  7- 9 | 10-12 || total
-------------------------+-------+-------+-------+-------++-------
Melee: Staff             |    21 |    13 |       |       ||    34
       Long sword        |       |       |    10 |    25 ||    35
Throw: Dart              |     9 |    24 |    17 |     3 ||    53
 Cast: Sandblast         |    42 |    23 |    70 |    13 ||   148
       Stone Arrow       |     6 |    32 |    41 |    12 ||    91
       Lee's Rapid Decon |       |       |     6 |     5 ||    11
       Petrify           |       |       |     1 |     4 ||     5
       Passwall          |       |       |     2 |     2 ||     4
Invok: Channel Magic     |       |       |       |     1 ||     1
  Use: Scroll            |       |     8 |    10 |       ||    18
       Potion            |       |     2 |       |       ||     2
 Stab: Sleeping          |     1 |       |       |       ||     1
       Petrified         |       |       |    10 |    20 ||    30
Armor: Robe              |    11 |     1 |     7 |     7 ||    26
       Leather armour    |       |     3 |     2 |       ||     5
Dodge: Dodged            |    16 |    13 |    21 |    15 ||    65
       Rpst.: Long sword |       |       |     6 |     2 ||     8

Table legend: (Time is in decaauts)
 A = Elapsed time spent in this place.
 B = Non-inter-level travel time spent in this place.
 C = Inter-level travel time spent in this place.
 D = Time resting spent in this place.
 E = Time spent auto-exploring this place.
 F = Levels seen in this place.
 G = Mean time per level.
                   A        B        C        D        E       F      G
               +--------+--------+--------+--------+--------+-----+--------+
         Total |   4311 |   4311 |      0 |      0 |      0 |  11 |  391.9 |
       Dungeon |   4223 |   4223 |      0 |      0 |      0 |  10 |  422.3 |
        Temple |     87 |     87 |      0 |      0 |      0 |   1 |   87.0 |
               +--------+--------+--------+--------+--------+-----+--------+

Top non-repeatable levels by time:
     D:6: 568 daAuts
     D:8: 555 daAuts
     D:9: 547 daAuts
     D:3: 534 daAuts
     D:1: 492 daAuts
     D:4: 470 daAuts
     D:2: 452 daAuts
     D:5: 393 daAuts
     D:7: 191 daAuts
  Temple: 87 daAuts
    D:10: 15 daAuts
